 Dungeon Crawl Stone Soup version 0.29.0-4-gdea44cf6ec (webtiles) character file.

Game seed: 4722069520037573399

0 qw the Sneak (level 1, -1/14 HPs)
             Began as a Gargoyle Delver on Sept 10, 2022.
             Slain by Pikel
             ... wielding a +1 whip of freezing
              (8 damage)
             ... on level 4 of the Dungeon.
             The game lasted 00:00:02 (139 turns).

qw the Sneak (Gargoyle Delver)                       Turns: 139, Time: 00:00:02

Health: -1/14      AC:  7    Str: 15    XL:     1   Next: 10%
Magic:  1/1        EV: 10    Int: 10    God:
Gold:   0          SH:  0    Dex: 11    Spells: 0/0 levels left

rFire   . . .      SeeInvis .   Y - +0 hand axe
rCold   . . .      Faith    .   (no shield)
rNeg    + . .      Spirit   .   j - +0 ring mail
rPois   inf        Reflect  .   (no helmet)
rElec   +          Harm     .   (no cloak)
rCorr   .          Rampage  .   (no gloves)
Will    .....                   (no boots)
Stlth   ++........              (no amulet)
HPRegen 0.04/turn               (no ring)
MPRegen 0.07/turn               (no ring)

@: no status effects
A: sickness immunity, AC +2, negative energy resistance 1, electricity
resistance, torment resistance 1, petrification resistance
a: no special abilities


You were on level 4 of the Dungeon.
You visited 1 branch of the dungeon, and saw 2 of its levels.


Innate Abilities, Weirdness & Mutations

You are immune to sickness and miasma.
Your stone body is resilient. (AC +2)
You are immune to poison.
You resist negative energy. (rN+)
You are resistant to electric shocks. (rElec)
You are resistant to unholy torment.
You are immune to petrification.


   Skills:
 - Level 3.2 Fighting
 + Level 1.8 Axes
 - Level 1.5 Dodging
 - Level 5.4 Stealth


You couldn't memorise any spells.
You didn't know any spells.
Your spell library was empty.

Inventory:

Hand Weapons
 Y - a +0 hand axe (weapon)
Missiles
 k - 3 boomerangs of dispersal (quivered)
Armour
 j - a +0 ring mail (worn)
Wands
 g - a wand of digging (3)
Potions
 f - a potion of haste
 i - a potion of curing {unknown}

Dungeon Overview and Level Annotations

Branches:
Dungeon (5/15)             Temple (0/1) D:5

Altars:

Annotations:
D:4 Pikel


Message History

The lemure shouts!
The kobold shouts!
You hear a shout!
There is a stone staircase leading down here.
There are monsters nearby!
Existing waypoints: (2) D:5 Assign waypoint to what number? (0-9, D - delete waypoint) Waypoint 1 assigned to D:4.
Throw: 5 boomerangs (disperse)
Press: ? - help, Q - select action Shift-Dir - straight line, f - kobold You throw a boomerang of dispersal.
The boomerang of dispersal hits the kobold.
The kobold blinks!
The kobold is moderately wounded.
Throw: 4 boomerangs (disperse)
Press: ? - help, Q - select action Shift-Dir - straight line, f/p - kobold You throw a boomerang of dispersal.
The boomerang of dispersal hits the kobold.
The kobold blinks!
You feel a bit more experienced.
Pikel, Merchant of Souls comes into view.
He is wielding a +1 whip of freezing and wearing a +0 robe of positive energy.
You hit the lemure but do no damage. The lemure hits you.
You hit the lemure but do no damage. The lemure barely misses you.
The lemure hits you.
You hit the lemure.
The lemure is lightly wounded.
A lemure comes into view.
The lemure shouts!
You hit the lemure.
The lemure is lightly wounded.
The lemure barely misses you.
You hit the lemure.
The lemure is moderately wounded.
You barely miss Pikel. The lemure completely misses you.
Pikel hits you but does no damage.
You closely miss the lemure.
The lemure is moderately wounded.
You closely miss Pikel.
Pikel hits you with a +1 whip of freezing!
Ouch! That really hurt!
You die...

## . #. ..
.. ...# .###
#... ..#
#..#.##.#
#...@5..#
......#K####
###.. .55 #.
##... ..
##... ..
#.#. . ....
#.###


You could see Pikel and 3 lemures.

Vanquished Creatures
  A kobold (D:4)
1 creature vanquished.

Notes
Turn   | Place    | Note
-------+----------+-------------------------------------------
     0 | D:5      | qw the Gargoyle Delver began the quest for the Orb.
     0 | D:5      | Reached XP level 1. HP: 14/14 MP: 1/1
     0 | D:5      | 0 ||| qw: Version: 0.1-a-116-g5d60599
     0 | D:5      | 0 ||| qw: Game counter: 8434
     0 | D:5      | 0 ||| qw: Always use a shield: true
     0 | D:5      | 0 ||| qw: God list: Okawaru
     0 | D:5      | 0 ||| qw: Allow faded altars: false
     0 | D:5      | 0 ||| qw: Do Orc after D:15 true
     0 | D:5      | 0 ||| qw: Do second Lair branch before Depths: true
     0 | D:5      | 0 ||| qw: Lair rune preference: random
     0 | D:5      | 0 ||| qw: Plans: Normal
     0 | D:5      | 0 ||| PLANNING D:1-11
   107 | D:5      | 107 ||| UPGRADING to +0 ring mail.
   117 | D:5      | 117 ||| DROPPING +0 leather armour.
   118 | D:5      | 118 ||| READING scroll labelled VOONUSK EFAL.
   119 | D:5      | 119 ||| DROPPING scroll of fog.
   120 | D:5      | 120 ||| DROPPING scroll of magic mapping.
   121 | D:5      | 121 ||| DROPPING scroll of fear.
   128 | D:5      | Found a staircase to the Ecumenical Temple.
   130 | D:4      | Noticed a lemure
   130 | D:4      | Noticed a lemure
   130 | D:4      | Noticed a lemure
   133 | D:4      | Noticed Pikel
   136 | D:4      | Noticed a lemure
   139 | D:4      | Slain by Pikel

Levels and vault maps discovered:
D:4:      layout_loops_cross, nicolae_kikubaaqudgha_miasma_corner, uniq_pikel
D:5:      layout_loops_cross, minmay_temple_entry_sparse_star

Action                   || total
-------------------------++-------
Melee: Hand axe          ||     6
Throw: Boomerang         ||     2
  Use: Scroll            ||     1
Armor: Ring mail         ||     1
Dodge: Dodged            ||     3

Table legend:
 A = Non-vault XP
 B = Vault XP
 C = Vault XP percentage of total XP
 D = Non-vault monster count
 E = Vault monster count
 F = Vault count percentage of total count
                 A         B        C        D         E       F
            +---------+---------+-------+---------+---------+-------
      Total |       1 |       0 |   0.0 |       1 |       0 |   0.0
            +---------+---------+-------+---------+---------+-------
        D:4 |       1 |       0 |   0.0 |       1 |       0 |   0.0
            +---------+---------+-------+---------+---------+-------
